 Dungeon Crawl Stone Soup version 0.21.1-1-g345015f (webtiles) character file.

11738 Monsterracer the Basher (level 11, -2/69 HPs)
             Began as a Gargoyle Arcane Marksman on Mar 10, 2018.
             Was an Elder of Zin.
             Incinerated by a smoke demon (7 damage)
             ... with a sticky flame
             ... on level 2 of the Abyss.
             The game lasted 00:27:20 (13215 turns).

Monsterracer the Basher (Gargoyle Arcane Marksman) Turns: 13215, Time: 00:27:20

Health: -2/69      AC: 26    Str: 17    XL:     11   Next: 82%
Magic:  16/16      EV:  7    Int: 14    God:    Zin [****..]
Gold:   567        SH:  5    Dex: 10    Spells: 9/12 levels left

rFire    . . .     SeeInvis +   a - +0 flail (holy)
rCold    . . .     Gourm    .   (no shield)
rNeg     + . .     Faith    .   A - +0 plate armour
rPois    ∞         Spirit   .   u - +2 helmet
rElec    +         Reflect  +   (no cloak)
rCorr    .         Harm     .   (no gloves)
MR       +....                  E - +0 pair of boots (curse)
Stlth    ..........             e - +5 amulet of reflection
HPRegen  0.21/turn              n - ring of protection from magic {!d}
MPRegen  0.15/turn              v - ring of see invisible

@: liquid flames, very slightly contaminated, glowing, invisible (but backlit
and visible)
A: talons 1, blurry vision 1, high mp 1, negative energy resistance 1,
electricity resistance, unbreathing, evolution 1, petrification resistance, rot
immunity, subdued magic 1, AC +8
a: Recite, Vitalisation, Imprison, Donate Gold, Renounce Religion


You were on level 2 of the Abyss.
You worshipped Zin.
Zin was greatly pleased with you.
You were not hungry.

You visited 2 branches of the dungeon, and saw 13 of its levels.
You visited the Abyss 1 time.
You also visited: Ossuary.

You collected 630 gold pieces.
You donated 63 gold pieces to Zin.

Inventory:

Hand Weapons
 a - a +0 flail of holy wrath (weapon)
 b - a +3 dire flail of freezing
 w - a +1 flail of electrocution
Missiles
 d - 3 throwing nets
 f - 4 javelins
 k - 2 curare-tipped needles
 r - 30 tomahawks (quivered)
Armour
 u - a +2 helmet (worn)
 A - a +0 plate armour (worn)
 E - a cursed +0 pair of boots (worn)
Jewellery
 e - a +5 amulet of reflection (around neck)
 g - an uncursed ring of protection from magic {!d}
 n - a ring of protection from magic (left hand) {!d}
 v - a ring of see invisible (right hand)
Wands
 z - a wand of flame (14)
Scrolls
 h - 7 scrolls of teleportation
 l - 5 scrolls of amnesia
 p - 6 scrolls of remove curse
 q - a scroll of enchant weapon
 s - a scroll of fog
 x - 2 scrolls of fear {!r}
 y - 3 scrolls of identify
 B - 2 scrolls of blinking
Potions
 j - a potion of brilliance
 m - 3 potions of flight
 o - a potion of resistance
 t - a potion of might
 C - 3 potions of curing
 D - 2 potions of haste
 F - a potion of invisibility
Comestibles
 c - 18 rations


   Skills:
 + Level 8.3 Fighting
 * Level 11.0 Maces & Flails
 + Level 7.3 Throwing
 + Level 8.2 Armour
 - Level 3.7 Dodging
 - Level 1.0 Spellcasting
 - Level 2.7 Hexes
 + Level 5.5 Invocations


You had 9 spell levels left.
You knew the following spells:

 Your Spells              Type           Power        Failure   Level  Hunger
c - Portal Projectile     Hex/Tloc       #.....       100%        3    ####...


Dungeon Overview and Level Annotations

Branches:
Dungeon (12/15)            Temple (1/1) D:7            Lair (0/6) D:8
    Orc: D:9-12

Altars:
Ashenzari
Cheibriados
Dithmenos
Elyvilon
Fedhas
Gozag
Hepliaklqana
Kikubaaqudgha
Makhleb
Nemelex Xobeh
Okawaru
Qazlal
Ru
Sif Muna
Trog
Uskayaw
Vehumet
Wu Jian
Xom
Yredelemnul
Zin
The Shining One

Shops:
D:8 :   D:9 [   D:10 *

Annotations:
D:8 1 runed door, exclusion: door


Innate Abilities, Weirdness & Mutations

You are resistant to torment.
Your stone body is resilient. (AC +8)
You are immune to poison.
You resist negative energy. (rN+)
You are resistant to electric shocks. (rElec)
You can survive without breathing.
You are immune to petrification.
You are immune to rotting.
You have sharp toenails.
Scrolls take you a little longer to read.
You have an increased reservoir of magic. (+10% MP)
You evolve.
Your spells are a little easier to cast, but a little less powerful.


Message History

You take 1 damage, and have 54/68 hp.
You hit the thrashing horror.
The thrashing horror is heavily damaged.
The thrashing horror tramples you but does no damage. x2
You barely miss the thrashing horror.
The thrashing horror is heavily damaged.
The thrashing horror tramples you but does no damage. x2
The thrashing horror barely misses you. x2
You closely miss the thrashing horror.
The thrashing horror is heavily damaged.
You block the thrashing horror's attack.
The thrashing horror tramples you but does no damage.
You puncture the thrashing horror! You freeze the thrashing horror.
The thrashing horror is severely damaged.
You block the thrashing horror's attack.
The thrashing horror tramples you but does no damage.
The thrashing horror tramples you!
You hold your ground!
The thrashing horror barely misses you.
You take 8 damage, and have 47/68 hp.
You bludgeon the thrashing horror!! You freeze the thrashing horror.
You destroy the thrashing horror!
Your Maces & Flails skill increases to level 11!
Unknown command.
Wield which item (- for none, * to show all)? (? for menu, Esc to quit)
Your +3 dire flail of freezing stops glowing.
Your +0 flail of holy wrath softly glows with a divine radiance!
w - a +0 flail of holy wrath (weapon)
Adjust (i)tems, (s)pells, or (a)bilities?
Adjust which item? (? for menu, Esc to quit)
w - a +0 flail of holy wrath (weapon)
Adjust to which letter? (? for menu, Esc to quit)
a - a +0 flail of holy wrath (weapon);
w - a +1 flail of electrocution A smoke demon comes into view.
The smoke demon roars!
The smoke demon gestures at you. The ball of steam hits you!
You are engulfed in a cloud of scalding steam.
You completely miss the smoke demon. You block the smoke demon's attack.
The smoke demon hits you but does no damage. x2
You closely miss the smoke demon. The smoke demon gestures at you.
Something smites you!
You take 10 damage, and have 41/69 hp.
You closely miss the smoke demon.
You are engulfed in a cloud of scalding steam.
Your plate armour prevents you from hitting the smoke demon.
The smoke demon hits you but does no damage. x3
You hit the smoke demon but do no damage.
The smoke demon gestures at you. The ball of steam hits you!
* * * LOW HITPOINT WARNING * * *
You take 10 damage, and have 31/69 hp.
The smoke demon closely misses you.
The smoke demon hits you but does no damage.
The smoke demon closely misses you.
You closely miss the smoke demon.
The smoke demon hits you but does no damage. x3
The smoke demon gestures at you. Something smites you!
* * * LOW HITPOINT WARNING * * *
You take 12 damage, and have 19/69 hp.
Evoke which item? (* to show all) (? for menu, Esc to quit)
Okay, then.
Okay, then.
Press: ? - help, v - describe, . - travel
Here: a smoke demon (steam)
The floor.
You fade into invisibility!
The smoke demon barely misses you. x2
The smoke demon hits you but does no damage.
You are very lightly contaminated with residual magic.
A smoke demon is nearby!
You sock the smoke demon!
The smoke demon convulses.
The smoke demon is moderately wounded.
The smoke demon gestures at you. The sticky flame hits you!
You are covered in liquid flames!
You hit the smoke demon.
The smoke demon convulses.
The smoke demon is heavily wounded.
You are covered in liquid flames!
* * * LOW HITPOINT WARNING * * *
The smoke demon hits you but does no damage.
The smoke demon barely misses you.
The smoke demon hits you but does no damage.
You take 3 damage, and have 17/69 hp.
You are covered in liquid flames!
* * * LOW HITPOINT WARNING * * *
The smoke demon gestures at you. The sticky flame hits you!
You are covered in liquid flames!
* * * LOW HITPOINT WARNING * * *
You take 14 damage, and have 3/69 hp.
MASSIVE DAMAGE!!
You feel better.
You are covered in liquid flames!
* * * LOW HITPOINT WARNING * * *
You regained 2 hp, and now have 5/69 hp.
You hit the smoke demon but do no damage.
The smoke demon is heavily wounded.
You are covered in liquid flames!
You die...

##.## ......# .
#...#..####...#
#...#.## ...
#.#...#.# #. ##
..... . #.... ##
##.#...# ....#
##. #..#..# .#.
# . #..##.##.###
.###. #..@3....#
. ..#
#...###....###.#
##### ..#### ..
.... .. ...###
.... #####


You could see a smoke demon.

Vanquished Creatures
  A two-headed ogre (D:12)
  A thrashing horror (Abyss:2)
  An unseen horror (D:12)
  Pikel (D:4)
  An ugly thing (D:9)
  Psyche (D:11)
  A gargoyle (D:12)
  Grinder (D:4)
  2 trolls
  A hippogriff (D:9)
  Sigmund (D:2)
  A wyvern (D:8)
  A wraith (D:12)
  Eustachio (D:4)
  A human (D:2)
  Menkaure (D:7)
  2 hungry ghosts (D:9)
  3 wargs
  4 sky beasts
  An ice beast (D:5)
  4 orc warriors
  2 black bears
  An eye of draining (D:12)
  2 phantoms
  7 centaurs
  5 ogres
  The ghost of bmj180 the Firebug, an amateur HOFE (D:4)
  3 big kobolds
  An elf zombie (Ossuary)
  2 crocodiles
  Blork the orc (D:6)
  A gnoll sergeant (D:6)
  6 bullfrogs
  A water moccasin zombie (D:5)
  A wyvern skeleton (D:12)
  4 scorpions
  2 killer bees (D:11)
  8 wights
  2 howler monkeys
  4 crimson imps
  2 bullfrog zombies
  A quasit (D:4)
  A human zombie (Ossuary)
  A centaur skeleton (D:4)
  2 centaur zombies
  4 hounds
  3 jellies
  2 bullfrog skeletons
  6 orc priests
  A human skeleton (D:2)
  An iguana (D:5)
  5 orc wizards
  9 worker ants
  A big kobold zombie (Ossuary)
  A hound zombie (D:8)
  A hound skeleton (D:9)
  The ghost of hadoken the Digger, a weakling GrEE (D:5)
  3 mummies (Ossuary)
  14 adders
  10 gnolls
  3 shadow imps
  An ooze (D:1)
  An adder skeleton (D:9)
  5 adder zombies
  4 worms
  3 dart slugs (D:1)
  3 leopard geckos
  37 orcs
  5 bats
  5 giant cockroaches
  6 goblins
  6 hobgoblins
  20 jackals
  10 kobolds
  6 quokkas
  3 ball pythons
  4 frilled lizards
  A gnoll zombie (Ossuary)
  4 goblin zombies (Ossuary)
  2 hobgoblin zombies (Ossuary)
  10 jackal zombies
  4 kobold zombies
  An orc zombie (Ossuary)
  3 quokka zombies (Ossuary)
  6 rats
  8 rat zombies
315 creatures vanquished.

Vanquished Creatures (others)
  An unseen horror (D:11)
  An ice beast (D:7)
  A centaur (D:7)
  4 orcs (D:4)
  4 jackals (D:4)
  A kobold (D:10)
12 creatures vanquished.

Grand Total: 327 creatures vanquished

Notes
Turn   | Place    | Note
-------+----------+-------------------------------------------
     0 | D:1      | Monsterracer the Gargoyle Arcane Marksman began the quest for the Orb.
     0 | D:1      | Reached XP level 1. HP: 12/12 MP: 2/2
   239 | D:1      | HP: 5/12 [hobgoblin (3)]
   240 | D:1      | HP: 2/12 [hobgoblin (3)]
   492 | D:1      | Reached skill level 1 in Maces & Flails
   492 | D:1      | Reached XP level 2. HP: 11/16 MP: 3/3
  1002 | D:1      | Reached XP level 3. HP: 17/20 MP: 4/4
  1089 | D:1      | Reached skill level 2 in Maces & Flails
  1826 | D:2      | Learned a level 3 spell: Portal Projectile
  1898 | D:2      | Found a runed door.
  1898 | D:2      | Noticed a human
  1908 | D:2      | Found a basalt altar of Yredelemnul.
  1930 | D:2      | HP: 9/20 [human skeleton (2)]
  1942 | D:2      | Reached XP level 4. HP: 12/25 MP: 5/5
  2511 | D:2      | Noticed Sigmund
  2639 | D:2      | Killed Sigmund
  2639 | D:2      | Reached skill level 3 in Maces & Flails
  2639 | D:2      | Reached XP level 5. HP: 31/31 MP: 3/6
  2639 | D:2      | Reached XP level 6. HP: 36/36 MP: 3/7
  3180 | D:3      | Found a faded altar of an unknown god.
  3197 | D:3      | Became a worshipper of Sif Muna the Loreminder
  3197 | D:3      | Reached * piety under Sif Muna
  3198 | D:3      | Fell from the grace of Sif Muna
  3240 | D:3      | Reached skill level 4 in Maces & Flails
  4025 | D:4      | Noticed Grinder
  4346 | D:4      | Noticed a slave
  4346 | D:4      | Noticed a slave
  4347 | D:4      | Noticed a slave
  4350 | D:4      | Noticed Pikel
  4352 | D:4      | Noticed a slave
  4530 | D:2      | Killed a human
  4530 | D:2      | Reached XP level 7. HP: 31/41 MP: 8/8
  4817 | D:4      | Found a shattered altar of Ashenzari.
  4862 | D:4      | Killed Grinder
  4862 | D:4      | Reached skill level 5 in Maces & Flails
  4991 | D:4      | Noticed bmj180's ghost (amateur HOFE)
  5004 | D:4      | Killed bmj180's ghost
  5278 | D:4      | HP: 20/42 [Pikel/whip of freezing (5)]
  5284 | D:4      | HP: 17/42 [Pikel/whip of freezing (3)]
  5285 | D:4      | Killed Pikel
  5285 | D:4      | Reached skill level 6 in Maces & Flails
  5285 | D:4      | Reached XP level 8. HP: 17/48 MP: 9/9
  5563 | D:4      | Noticed Eustachio
  5581 | D:4      | Killed Eustachio
  6087 | D:5      | Entered Level 5 of the Dungeon
  6178 | D:5      | Reached XP level 9. HP: 53/53 MP: 10/10
  6192 | D:5      | Got an encrusted short sword
  6268 | D:5      | Reached skill level 5 in Fighting
  6268 | D:5      | Reached skill level 7 in Maces & Flails
  6289 | D:5      | Noticed hadoken's ghost (weakling GrEE)
  6302 | D:5      | Killed hadoken's ghost
  6305 | D:5      | Reached skill level 5 in Armour
  6660 | D:5      | Found an ancient bone altar of Kikubaaqudgha.
  7020 | D:6      | Reached skill level 5 in Throwing
  7059 | D:6      | HP: 26/54 [scorpion (5)]
  7074 | D:6      | HP: 27/54 [worker ant (2)]
  7161 | D:6      | Found a sand-covered staircase.
  7287 | Ossuary  | Entered an ossuary
  7849 | D:6      | Noticed Blork the orc
  7878 | D:7      | Noticed Menkaure
  7892 | D:7      | HP: 40/82 [orc warrior/war axe (8)]
  7895 | D:7      | Killed Menkaure
  7895 | D:7      | Reached skill level 8 in Maces & Flails
  7898 | D:7      | HP: 33/82 [orc/flail of holy wrath (2)]
  7903 | D:7      | HP: 32/82 [orc warrior/war axe (1)]
  7909 | D:7      | HP: 15/55 [orc warrior/war axe (1)]
  7927 | D:7      | Found a staircase to the Ecumenical Temple.
  7948 | D:7      | HP: 21/55 [adder (1)]
  7956 | D:7      | HP: 18/55 [orc warrior/tomahawk (4)]
  7961 | D:7      | HP: 14/55 [orc warrior/tomahawk (5)]
  7997 | Temple   | Entered the Ecumenical Temple
  8023 | Temple   | Became a worshipper of the Shining One
  8197 | Temple   | HP: 26/55 [orc warrior/war axe (3)]
  8398 | D:7      | Reached skill level 1 in Invocations
  8421 | D:7      | Reached XP level 10. HP: 38/60 MP: 11/11
  8620 | D:7      | Found a sacrificial altar of Ru.
  8731 | D:7      | Found a glowing golden altar of the Shining One.
  8775 | D:7      | Was forgiven by Sif Muna
  9239 | D:7      | Reached * piety under the Shining One
  9388 | D:6      | Killed Blork the orc
  9399 | D:6      | Reached skill level 9 in Maces & Flails
  9717 | D:8      | Found a staircase to the Lair.
  9727 | D:8      | HP: 28/61 [orc priest/war axe (5)]
  9728 | D:8      | HP: 7/61 [orc priest/divine providence (16)]
  9877 | D:8      | HP: 25/61 [warg (9)]
 10104 | D:8      | Found a bloodstained altar of Trog.
 10258 | D:8      | Noticed a yaktaur captain
 10258 | D:8      | Noticed a centaur warrior
 10258 | D:8      | Noticed a harpy
 10260 | D:8      | Found a runed door.
 10263 | D:8      | Noticed a wolf spider
 10263 | D:8      | Noticed a cyclops
 10264 | D:8      | Found the +7 longbow "Piercer" {penet, EV-2}
 10436 | D:8      | Found Nahupev's Book Emporium.
 10441 | D:8      | Reached ** piety under the Shining One
 10484 | D:8      | Found a glowing silver altar of Zin.
 10484 | D:8      | Found a sparkling altar of Nemelex Xobeh.
 10494 | D:8      | Gained mutation: Your spells are a little easier to cast, but a little less powerful. [potion of mutation]
 10494 | D:8      | Gained mutation: You evolve. [potion of mutation]
 10494 | D:8      | Gained mutation: Scrolls take you a little longer to read. [potion of mutation]
 10494 | D:8      | Gained mutation: You have sharp toenails. [potion of mutation]
 10496 | D:8      | Fell from the grace of the Shining One
 10496 | D:8      | Became a worshipper of Zin the Law-Giver
 10496 | D:8      | Reached * piety under Zin
 10496 | D:8      | Reached ** piety under Zin
 10884 | D:9      | Noticed a green ugly thing
 10894 | D:9      | Killed a green ugly thing
 10961 | D:9      | Reached XP level 11. HP: 67/67 MP: 13/13
 10971 | D:9      | Reached *** piety under Zin
 11080 | D:9      | Found a radiant altar of Vehumet.
 11117 | D:9      | Reached skill level 10 in Maces & Flails
 11229 | D:9      | Found Kohuuxut's Armour Boutique.
 11606 | D:10     | Entered Level 10 of the Dungeon
 11616 | D:10     | Found Syklefum's General Store.
 11949 | D:10     | You fall through a shaft for 2 floors!
 11979 | D:12     | Gained mutation: You have an increased reservoir of magic. (+10% MP) [evolution]
 12109 | D:12     | Noticed an unseen horror
 12119 | D:12     | Killed an unseen horror
 12245 | D:12     | Reached **** piety under Zin
 12259 | D:12     | Noticed a two-headed ogre
 12293 | D:12     | HP: 34/68 [two-headed ogre/giant club (5)]
 12294 | D:12     | Killed a two-headed ogre
 12294 | D:12     | Reached skill level 5 in Invocations
 12536 | D:11     | Noticed an unseen horror
 12594 | D:11     | Killed an unseen horror
 12595 | D:11     | HP: 33/68 [centaur/arrow (10)]
 12599 | D:11     | HP: 13/68 [centaur (5)]
 12895 | D:11     | Noticed Psyche
 12935 | D:11     | Killed Psyche
 13118 | D:11     | Cast into level 2 of the Abyss (gnoll sergeant)
 13157 | Abyss:2  | Noticed a thrashing horror
 13187 | Abyss:2  | Killed a thrashing horror
 13187 | Abyss:2  | Reached skill level 11 in Maces & Flails
 13206 | Abyss:2  | HP: 31/69 [smoke demon/ball of steam (11)]
 13212 | Abyss:2  | HP: 17/69 [burnt (3)]
 13213 | Abyss:2  | HP: 3/69 [smoke demon/sticky flame (6)]
 13215 | Abyss:2  | Incinerated by a smoke demon

Skill      XL: |  1  2  3  4  5  6  7  8  9 10 11 |
---------------+----------------------------------+-----
Maces & Flails | 1 2 3 4 6 8 9 11 | 11.0
Throwing       | 2 3 4 5 6 7 |  7.3
Fighting       | 2 3 4 6 7 8 |  8.3
Armour         | 2 4 6 7 8 |  8.2
Dodging        | 2 3 |  3.7
Invocations    | 1 3 5 |  5.5
Spellcasting   | |  1.0
Hexes          | |  2.7

Action                   |  1- 3 |  4- 6 |  7- 9 | 10-12 || total
-------------------------+-------+-------+-------+-------++-------
Melee: Club              |   165 |    14 |       |       ||   179
       Unarmed           |     3 |       |       |       ||     3
       Whip              |       |   112 |       |       ||   112
       Flail             |       |    38 |   642 |   113 ||   793
       Dire flail        |       |       |       |   452 ||   452
Throw: Javelin           |    10 |    11 |     2 |       ||    23
       Throwing net      |     1 |       |       |       ||     1
       Tomahawk          |       |       |     5 |     3 ||     8
 Cast: Corona            |       |     2 |       |       ||     2
Invok: Renounce Religion |       |     1 |       |       ||     1
       Recite            |       |       |       |     2 ||     2
  Use: Scroll            |       |    10 |     5 |     8 ||    23
       Potion            |       |       |     1 |     4 ||     5
 Stab: Distracted        |       |     1 |       |       ||     1
  Eat: Chunk             |     3 |     9 |    12 |    14 ||    38
       Ration            |       |       |       |     3 ||     3
Armor: Robe              |    53 |       |       |       ||    53
       Scale mail        |    15 |    12 |       |       ||    27
       Skin              |       |     3 |    57 |       ||    60
       Ring mail         |       |    48 |   297 |       ||   345
       Plate armour      |       |       |    15 |   402 ||   417
Dodge: Dodged            |   105 |    95 |   348 |   150 ||   698
Block: Other             |       |    22 |   169 |   121 ||   312
       Reflection        |       |     2 |     3 |    10 ||    15

Vault maps used:
D:1:      dpeg_arrival_renting
D:2:      dk_yredelemnul_ordeal, uniq_sigmund
D:3:      first_ration, chequers_ecumenical_altar_simple_redux
D:4:      ashenzari_altar_1, uniq_eustachio, uniq_pikel, uniq_grinder
D:5:      lemuel_zombie_altar_kikubaaqudgha
D:6:      nicolae_ossuary_entry_ruins, grunt_ministairs_14, uniq_blork_the_orc
D:7:      nicolae_ru_sacrificial_ziggurat,
          minmay_temple_entry_statues_fountains, grunt_ogre_cave, tso_altar,
          uniq_menkaure
D:8:      minmay_gate_of_8, gammafunk_temple_overflow_statue,
          erik_lair_orcish_takeover, basic_altar, serial_shops,
          nicolae_shop_statue_plus
D:9:      lemuel_coloured_pillars_altar, serial_shops, nicolae_shop_stone
D:10:     serial_shops, nicolae_shop_stone
D:11:     kennysheep_orc_monster_closet_entryway, nicolae_lava_and_water,
          uniq_psyche
Temple:   lightli_temple_of_artemis
Ossuary:  minmay_ossuary_two_tombs
